AoeStats
← Gradubide_II

Arabia

507959623Analyzed
4v4 RM · 13d ago on Sep 20, 2026· 67m 33s· 8 players
Game mode
Random Map
Map size
Large (8 player)
Population
200
Speed
Normal
Resources
Standard
Victory
Conquest
Starting age
Dark Age
Ending age
Imperial Age
RankedLock teamsTeams togetherTeam positionsShared explorationLock speedFull tech treeHidden civsTurbo modeCheats
Victory
Defeat
🇫🇷 Vietnamese · France
792
+11
🇨🇳 Bengalis · China
661
+16
🇬🇷 Teutons · Greece
621
+17
🇨🇴 Huns · Colombia
608
+18
🇵🇱 Gurjaras · Poland
689
-17
🇪🇸 Persians · Spain
682
-16
🇩🇪 Inca · Germany
645
-15
🇫🇷 Romans · France
619
-14
coran
12:36 Feudal Age
16:02 Double-Bit Axe
19:02 Horse Collar
22:12 Castle Age
21:25 Padded Archer Armor
21:31 Loom
23:23 Leather Archer Armor
25:10 Light Cavalry
26:03 Bloodlines
27:08 Husbandry
33:04 Stone Mining
33:04 Gold Mining
33:28 Bow Saw
34:32 Stone Shaft Mining
35:32 Fortified Wall
35:33 Masonry
37:32 Heavy Plow
37:37 Scale Mail Armor
37:48 Forging
44:21 Imperial Age
42:28 Gold Shaft Mining
44:16 Wheelbarrow
45:02 Kshatriyas
45:02 Caravan
46:16 Chemistry
46:01 Conscription
47:56 Elite Chakram Thrower
48:57 Chain Mail Armor
49:17 Iron Casting
48:33 Fletching
50:48 Plate Mail Armor
51:49 Crop Rotation
51:37 Hand Cart
61:13 Siege Elephant
66:33 Architecture
66:26 Ballistics
Gradubide_II
0:48 Loom
14:44 Feudal Age
15:31 Town Watch
18:12 Wheelbarrow
19:59 Double-Bit Axe
20:26 Man-at-Arms
25:13 Horse Collar
25:28 Gold Mining
25:44 Stone Mining
26:17 Scale Mail Armor
28:22 Forging
29:36 Padded Archer Armor
32:00 Fletching
32:16 Scale Barding Armor
36:33 Castle Age
36:40 Crossbowman
36:42 Long Swordsman
36:44 Pikeman
37:25 Squires
37:28 Husbandry
37:02 Light Cavalry
37:08 Elite Skirmisher
38:56 Bloodlines
39:24 Iron Casting
39:07 Leather Archer Armor
39:30 Bow Saw
39:53 Caravan
40:40 Ballistas
41:43 Chain Mail Armor
43:45 Ballistics
43:16 Guard Tower
44:21 Heavy Plow
45:40 Coinage
47:19 Hand Cart
47:06 Town Patrol
55:23 Chain Barding Armor
Wolfgang Rouge
11:01 Loom
12:47 Feudal Age
16:23 Castle Age
15:53 Double-Bit Axe
16:42 Horse Collar
18:47 Wheelbarrow
23:13 Hand Cart
22:44 Town Watch
25:41 Bow Saw
27:10 Fletching
28:08 Scale Barding Armor
28:09 Murder Holes
30:04 Ballistics
30:57 Heavy Plow
32:20 Kamandaran
34:45 Town Patrol
35:57 Padded Archer Armor
37:27 Thumb Ring
36:48 Crossbowman
44:17 Imperial Age
42:41 Elite Skirmisher
44:37 Chain Barding Armor
44:13 Bodkin Arrow
44:58 Conscription
46:30 Chemistry
46:54 Leather Archer Armor
46:50 Forging
47:16 Plate Barding Armor
46:53 Heavy Camel Rider
49:12 Bloodlines
49:03 Husbandry
48:24 Light Cavalry
48:45 Pikeman
52:40 Scale Mail Armor
55:17 Cavalier
65:41 Two-Man Saw
65:21 Crop Rotation
Jackpot
10:57 Feudal Age
11:47 Double-Bit Axe
11:46 Horse Collar
12:49 Wheelbarrow
18:18 Loom
20:55 Castle Age
19:19 Stone Mining
22:18 Bow Saw
22:27 Hand Cart
22:15 Heavy Plow
24:21 Squires
26:19 Stone Shaft Mining
25:41 Gold Mining
29:12 Gold Shaft Mining
32:17 Imperial Age
33:16 Elite Kamayuk
33:58 Fabric Shields
34:02 Scale Mail Armor
34:12 Forging
34:06 Squires
34:39 Crop Rotation
35:22 Guilds
35:12 Caravan
37:22 Conscription
36:25 Capped Ram
37:22 Chain Mail Armor
37:42 Iron Casting
37:47 Siege Ram
39:14 Plate Mail Armor
42:39 Blast Furnace
54:52 Champi Runner
56:00 Champi Warrior
Don M´s
12:54 Feudal Age
14:14 Wheelbarrow
14:00 Loom
18:19 Double-Bit Axe
22:34 Stone Mining
22:38 Gold Mining
23:23 Horse Collar
23:59 Bloodlines
29:41 Castle Age
32:58 Bow Saw
35:46 Hand Cart
38:00 Caravan
40:36 Husbandry
43:25 Forging
43:20 Scale Barding Armor
43:07 Fletching
45:56 Imperial Age
47:02 Conscription
46:09 Cavalier
47:29 Iron Casting
47:15 Chain Barding Armor
46:53 Bodkin Arrow
48:45 Paladin
60:15 Plate Barding Armor
67:10 Blast Furnace
66:10 Bracer
Elentin
2:57 Loom
13:25 Feudal Age
21:39 Castle Age
25:22 Squires
25:40 Pikeman
28:05 Stone Mining
28:22 Double-Bit Axe
31:26 Stone Shaft Mining
32:44 Forging
41:28 Imperial Age
40:07 Fletching
41:35 Cavalier
44:03 Bloodlines
44:55 Horse Collar
45:16 Gold Mining
45:50 Heavy Plow
48:17 Iron Casting
48:22 Crop Rotation
48:57 Bow Saw
49:35 Scale Barding Armor
51:25 Blast Furnace
51:01 Chain Barding Armor
54:26 Conscription
53:42 Elite Teutonic Knight
55:34 Caravan
57:16 Wheelbarrow
56:29 Town Watch
57:27 Plate Barding Armor
56:53 Scale Mail Armor
58:42 Two-Man Saw
59:51 Paladin
61:46 Crenellations
63:58 Chain Mail Armor
63:39 Bodkin Arrow
67:37 Chemistry
66:24 Arrowslits
67:00 Ballistics
BabassLaMenace
5:34 Loom
10:17 Feudal Age
17:19 Castle Age
17:50 Double-Bit Axe
18:13 Horse Collar
21:23 Bow Saw
21:15 Heavy Plow
21:16 Gold Mining
21:22 Stone Mining
23:17 Stone Shaft Mining
23:22 Wheelbarrow
22:33 Town Watch
23:50 Hand Cart
24:01 Town Patrol
26:49 Padded Archer Armor
26:46 Fletching
28:19 Bodkin Arrow
29:05 Leather Archer Armor
31:58 Ballistics
32:24 Heated Shot
32:15 Treadmill Crane
37:10 Imperial Age
35:11 Murder Holes
36:14 Guard Tower
37:07 Coinage
36:59 Caravan
38:57 Paper Money
40:08 Elite Rattan Archer
42:12 Chemistry
43:41 Crop Rotation
44:14 Two-Man Saw
43:49 Bracer
44:20 Ring Archer Armor
44:53 Scale Mail Armor
45:05 Forging
49:30 Bombard Tower
49:21 Fortified Wall
WINGER
0:50 Loom
11:18 Feudal Age
17:08 Castle Age
15:09 Double-Bit Axe
15:26 Horse Collar
15:54 Gold Mining
18:47 Bow Saw
18:40 Heavy Plow
20:33 Atonement
20:56 Stone Mining
21:57 Fervor
23:58 Gold Shaft Mining
24:52 Masonry
31:42 Imperial Age
29:59 Forging
29:41 Fletching
29:51 Padded Archer Armor
30:32 Bodkin Arrow
31:24 Wheelbarrow
32:50 Hand Cart
34:04 Bracer
34:20 Leather Archer Armor
35:13 Guilds
35:04 Caravan
35:16 Forging
35:11 Scale Barding Armor
36:21 Conscription
36:51 Ring Archer Armor
37:38 Two-Man Saw
37:10 Crop Rotation
37:44 Chemistry
39:09 Fortified Wall
39:36 Iron Casting
39:21 Chain Barding Armor
38:24 Elite Elephant Archer
38:26 Elite Battle Elephant
39:07 Husbandry
39:17 Bloodlines
39:23 Bloodlines
39:30 Paiks
39:46 Mahayana
39:54 Siege Elephant
42:34 Blast Furnace
42:09 Plate Barding Armor
42:32 Ballistics
42:18 Siege Engineers
46:18 Treadmill Crane
46:48 Masonry
53:53 Architecture
Connection lost

Rejoining the realm…

Still unreachable

The connection could not be restored.

Session expired

The server has moved on; the page needs a fresh start.